 Dungeon Crawl Stone Soup version 0.31.0-11-ge490571c62 (webtiles) character file.

Game seed: 17860113711560732393

60 qw the Shooter (level 3, -2/20 HPs)
             Began as a Deep Elf Hunter on Feb 3, 2024.
             Slain by an orc priest
             ... wielding a +0 hand axe
              (5 damage)
             ... on level 3 of the Dungeon.
             The game lasted 00:00:05 (2196 turns).

qw the Shooter (Deep Elf Hunter)                    Turns: 2196, Time: 00:00:06

Health: -2/20      AC:  6    Str: 10    XL:     3   Next: 80%
Magic:  5/5        EV:  9    Int: 13    God:
Gold:   26         SH:  0    Dex: 18    Spells: 2/2 levels left

rFire   . . .        a - +0 shortbow
rCold   . . .        (shield currently unavailable)
rNeg    . . .        e - +0 scale mail
rPois   .            (no helmet)
rElec   .            (no cloak)
rCorr   .            (no gloves)
SInv    .            (no boots)
Will    .....        (no amulet)
Stlth   +            (no ring)
HPRegen 0.23/turn    (no ring)
MPRegen 0.09/turn

%: no passive effects
@: no status effects
A: no striking features
a: no special abilities


You were on level 3 of the Dungeon.
You visited 1 branch of the dungeon, and saw 3 of its levels.

You collected 165 gold pieces.
You spent 139 gold pieces at shops.


   Skills:
 - Level 1.5 Fighting
 + Level 7.3 Ranged Weapons
 - Level 2.4 Dodging
 - Level 1.2 Stealth


You had 2 spell levels left.
You didn't know any spells.
Your spell library was empty.

Inventory:

Hand Weapons
 a - a +0 shortbow (weapon)
Armour
 e - a +0 scale mail (worn)
 h - a +0 helmet
 j - a +0 ring mail
Jewellery
 f - a ring of fire
 i - an amulet of reflection
Wands
 b - a wand of roots (7)
Scrolls
 l - a scroll of identify
 o - a scroll of blinking {unknown}
Potions
 c - a potion of might {unknown}
 d - a potion of heal wounds {unknown}
 g - 2 potions of curing
 k - a potion of brilliance {unknown}
 m - a potion of cancellation {unknown}
 n - 3 potions of mutation {unknown}

Dungeon Overview and Level Annotations

Branches:
Dungeon (3/15)

Altars:

Shops:
D:3 [


Message History

Enter note:
Enter note:
There is a stone staircase leading up here.
o - a scroll labelled DUTOYT WEASE
There is a stone staircase leading down here.
Things that are here:
a +2 short sword of speed; 4 stones An orc comes into view.
It is wielding a +0 mace and wearing a +2 robe of cold resistance.
The orc shouts!
You hear a shout!
You shoot an arrow. The arrow hits the orc.
The orc is heavily wounded.
An orc priest comes into view. It is wielding a +0 hand axe.
An orc comes into view. It is wielding a +0 hand axe.
You shoot an arrow. The orc shouts!
The arrow hits the orc but does no damage.
The orc is heavily wounded.
You hear a shout!
You shoot an arrow. The arrow hits the orc.
You kill the orc!
An orc comes into view. It is wielding a +0 dagger.
You shoot an arrow.
The arrow closely misses the orc priest.
The arrow hits the orc.
The orc is heavily wounded.
You shoot an arrow.
The arrow closely misses the orc priest.
The arrow hits the orc.
The orc is almost dead.
The orc priest hits you with a +0 hand axe.
You shoot an arrow. The arrow hits the orc.
You kill the orc!
The orc priest mumbles some strange prayers to Beogh against you.
Beogh smites you!
Ouch! That really hurt!
You shoot an arrow.
The arrow hits the orc but does no damage.
The orc is heavily wounded.
The orc priest hits you with a +0 hand axe.
You die...

#.#.# #.#
#.#.#.####.#####
#.#.#.##........
#####.#.#..%.....#.#
#................#.#
#.###.#.####.#...#.#
# #.........#...#.#
#.##o.#.###..#...#.#
#..@o...# #......#.#
#.##..### #..#...#..
# #..#####.....####
##.....%..........
#.....##...#######
#.#.#.##..........
#.#.#.##..########
#.#.#.##..# #
#########.#.#.##..#
#


You could see an orc priest and an orc.

Vanquished Creatures
  An iguana (D:3)
  2 orcs (D:3)
  A ball python (D:2)
  2 endoplasms (D:2)
  4 giant cockroaches
  3 goblins
  4 jackals (D:2)
  3 quokkas
  2 bats
  A frilled lizard (D:3)
  3 kobolds
  2 rats
28 creatures vanquished.

Notes
Turn   | Place    | Note
-------+----------+-------------------------------------------
     0 | D:1      | qw the Deep Elf Hunter began the quest for the Orb.
     0 | D:1      | Reached XP level 1. HP: 12/12 MP: 3/3
     0 | D:1      | 0 ||| qw: Version: 0.3-a-155-g5e7d8dd
     0 | D:1      | 0 ||| qw: Game counter: 3265
     0 | D:1      | 0 ||| qw: Melee chars always use a shield: true
     0 | D:1      | 0 ||| qw: God list: Okawaru
     0 | D:1      | 0 ||| qw: Allow faded altars: false
     0 | D:1      | 0 ||| qw: Do Orc after clearing Dungeon:15 true
     0 | D:1      | 0 ||| qw: Do second Lair branch before Depths: true
     0 | D:1      | 0 ||| qw: Lair rune preference: random
     0 | D:1      | 0 ||| qw: Goals: Normal
     0 | D:1      | 0 ||| PLANNING D:1-11
   390 | D:1      | Reached XP level 2. HP: 16/16 MP: 4/4
   620 | D:1      | 620 ||| UPGRADING to +0 scale mail.
   630 | D:1      | 630 ||| DROPPING +0 leather armour.
   631 | D:1      | 631 ||| DRINKING 2 pink potions.
   632 | D:1      | 632 ||| DROPPING scroll of butterflies.
   717 | D:2      | Reached skill level 6 in Ranged Weapons
  1293 | D:2      | 1293 ||| READING scroll labelled TITEJA WUGIS.
  1297 | D:2      | 1297 ||| READING scroll labelled DALAIPRASHROAC.
  1297 | D:2      | 1297 ||| IDENTIFYING glowing orange potion
  1298 | D:2      | 1298 ||| READING scroll labelled HUNUAP CEVORPH.
  1299 | D:2      | 1299 ||| READING scroll labelled CIDOMO RUCRIJA.
  1327 | D:2      | 1327 ||| READING 2 scrolls labelled DUNUHUYTROP.
  1328 | D:2      | 1328 ||| READING scroll labelled RETIRYXEUR.
  1429 | D:2      | 1429 ||| DROPPING potion of attraction.
  1430 | D:2      | 1430 ||| DROPPING scroll of noise.
  1601 | D:3      | Found a faded altar of an unknown god.
  1643 | D:3      | Found Qerche's Antique Armour Emporium.
  1654 | D:3      | 1654 ||| BUYING helmet (139 gold).
  1654 | D:3      | Bought a helmet for 139 gold pieces
  1654 | D:3      | 1654 ||| SHOPLISTING ring mail (124 gold, have 5).
  1654 | D:3      | 1654 ||| SHOPLISTING shiny pearl dragon scales (3165 gold,
                  | have 5).
  1654 | D:3      | 1654 ||| SHOPLISTING shiny ring mail (217 gold, have 5).
  1654 | D:3      | 1654 ||| SHOPLISTING translucent scale mail (279 gold, have
                  | 5).
  1826 | D:3      | HP: 1/16 [iguana (6)]
  1828 | D:3      | Reached skill level 7 in Ranged Weapons
  1828 | D:3      | Reached XP level 3. HP: 2/20 MP: 5/5
  2195 | D:3      | HP: 3/20 [orc priest/divine providence (14)]
  2196 | D:3      | Slain by an orc priest

Levels and vault maps discovered:
D:1:      dpeg_arrival_simpleton_b, layout_loops_ring
D:2:      layout_loops_ring, skrybe_limestone_x
D:3:      layout_basic, shapermc_ecumenical_altar_notcrosses, serial_shops, shop

Skill      XL: |  1  2 |
---------------+-------+-----
Ranged Weapons | 7 |  7.3
Fighting       | |  1.5
Dodging        | |  2.4
Stealth        | |  1.2

Action                     || total
---------------------------++-------
   Fire: Shortbow          ||    97
    Use: Scroll            ||     6
         Potion            ||     1
 Armour: Leather armour    ||     3
         Scale mail        ||    41
  Dodge: Dodged            ||    25

Table legend:
 A = Non-vault XP
 B = Vault XP
 C = Vault XP percentage of total XP
 D = Non-vault monster count
 E = Vault monster count
 F = Vault count percentage of total count
                 A         B        C        D         E       F
            +---------+---------+-------+---------+---------+-------
      Total |      86 |       0 |   0.0 |      28 |       0 |   0.0
            +---------+---------+-------+---------+---------+-------
        D:1 |      12 |       0 |   0.0 |       8 |       0 |   0.0
        D:2 |      20 |       0 |   0.0 |      10 |       0 |   0.0
        D:3 |      54 |       0 |   0.0 |      10 |       0 |   0.0
            +---------+---------+-------+---------+---------+-------
